 Dungeon Crawl Stone Soup version 0.26-a0-712-ga5a9c9c9d0 (webtiles) character file.

Game seed: 15968440967770849842

102 Azzok the Chopper (level 4, 25/52 HPs)
             Began as a Demonspawn Berserker on Nov 6, 2020.
             Was a Follower of Trog.
             Quit the game on level 2 of the Dungeon.
             The game lasted 00:01:13 (1143 turns).

Azzok the Chopper (Demonspawn Berserker)            Turns: 1143, Time: 00:01:13

Health: 25/52      AC:  6    Str: 18    XL:     4   Next: 50%
Magic:  4/4        EV: 12    Int:  8    God:    Trog [*.....]
Gold:   76         SH:  0    Dex: 13    Spells: 3/3 levels left

rFire    . . .     SeeInvis .   a - +0 hand axe
rCold    + . .     Faith    .   (no shield)
rNeg     . . .     Spirit   .   b - +0 animal skin
rPois    .         Reflect  .   g - +1 hat
rElec    .         Harm     .   (no cloak)
rCorr    .         Rampage  .   (no gloves)
MR       .....                  h - +0 pair of boots
Stlth    ..........             (no amulet)
HPRegen  0.17/turn              (no ring)
MPRegen  0.09/turn              (no ring)

@: berserking (expiring), mildly poisoned (25 -> 23), very quick
A: antennae 1, molten scales 1, cold resistance 1
a: Berserk, Renounce Religion


You were on level 2 of the Dungeon.
You worshipped Trog.
Trog was aware of your devotion.
You visited 1 branch of the dungeon, and saw 2 of its levels.

You collected 76 gold pieces.

Inventory:

Hand Weapons
 a - a +0 hand axe (weapon)
Armour
 b - a +0 animal skin (worn)
 g - a +1 hat (worn)
 h - a +0 pair of boots (worn)
Scrolls
 d - a scroll of blinking {unknown}
 e - a scroll of teleportation {unknown}
 k - a scroll of remove curse {unknown}
Potions
 c - 2 potions of mutation {unknown}
 f - 3 potions of heal wounds {unknown}
 i - 2 potions of curing {unknown}
 j - a potion of lignification {unknown}


   Skills:
 - Level 3.0 Fighting
 + Level 4.9 Axes
 - Level 1.7 Armour
 - Level 1.7 Dodging


You had 3 spell levels left.
You didn't know any spells.
Your spell library was empty.

Dungeon Overview and Level Annotations

Branches:
Dungeon (2/15)

Altars:
Ashenzari
Sif Muna
Trog
Wu Jian
Zin


Innate Abilities, Weirdness & Mutations

You have a pair of small antennae on your head.
You are partially covered in molten scales. (AC +2)
Your flesh is cold resistant. (rC+)


Message History

The adder bites you but does no damage.
You barely miss the bullfrog.
The bullfrog is severely wounded.
You hit the adder.
You kill the adder!
Trog accepts your kill.
You have reached level 3!
Your experience leads to an increase in your attributes!
Increase (S)trength, (I)ntelligence, or (D)exterity?
You feel stronger.
Your demonic ancestry asserts itself...
You feel resistant to cold.
You feel sick. The bullfrog barely misses you.
You slash the bullfrog!
You kill the bullfrog!
Trog accepts your kill.
Your Axes skill increases to level 4!
You have reached level 4!
You feel agile.
Your demonic ancestry asserts itself...
A pair of antennae grows on your head!
Are you sure you want to abandon this character and quit the game? (Confirm with "yes".)

▒▒▒▒▒▒·▒▒▒···▒ ▒··▒
▒····†▒▒▒▒▒·▒▒▒▒▒▒··▒
?····················▒ >▒
▒▒▒▒▒▒▒▒▒▒▒▒·▒▒···▒··▒▒▒▒▒▒
················▒▒▒········
···▒·)·▒···▒▒▒·▒▒▒▒·······▒
·············▒·▒▒▒·········
···▒···▒···▒·▒·▒▒····_···▒·
···············†@·▒··8···▒
▒▒▒▒▒▒▒▒▒▒▒▒▒▒·†▒▒▒··_···▒
▒··▒ ▒······▒ ·····
··▒▒▒▒▒▒ ·▒▒·▒ ··▒ ▒ ·( ·▒
··· ▒·[


There were no monsters in sight!

Vanquished Creatures
  A bullfrog (D:2)
  An adder (D:2)
  A dart slug (D:2)
  A leopard gecko (D:2)
  2 giant cockroaches
  2 hobgoblins (D:2)
  3 jackals (D:2)
  4 kobolds (D:1)
  A quokka (D:2)
  A ball python (D:1)
  A bat (D:1)
  A frilled lizard (D:2)
  5 rats
24 creatures vanquished.

Notes
Turn   | Place    | Note
-------+----------+-------------------------------------------
     0 | D:1      | Azzok the Demonspawn Berserker began the quest for the Orb.
     0 | D:1      | Reached XP level 1. HP: 18/18 MP: 1/1
    94 | D:1      | Reached skill level 3 in Axes
   171 | D:1      | Found a broken altar of Ashenzari.
   433 | D:1      | Gained mutation: You are partially covered in molten
                  | scales. (AC +2) [demonic ancestry]
   433 | D:1      | Reached XP level 2. HP: 17/24 MP: 2/2
   921 | D:2      | Found an ornate altar of the Wu Jian Council.
   994 | D:2      | Found a shimmering blue altar of Sif Muna.
  1127 | D:2      | Found a bloodstained altar of Trog.
  1127 | D:2      | Found a glowing silver altar of Zin.
  1134 | D:2      | Noticed a bullfrog
  1141 | D:2      | Gained mutation: Your flesh is cold resistant. (rC+)
                  | [demonic ancestry]
  1141 | D:2      | Reached XP level 3. HP: 21/29 MP: 3/3
  1142 | D:2      | Killed a bullfrog
  1142 | D:2      | Reached skill level 4 in Axes
  1142 | D:2      | Gained mutation: You have a pair of small antennae on your
                  | head. [demonic ancestry]
  1142 | D:2      | Reached XP level 4. HP: 24/35 MP: 4/4
  1143 | D:2      | Quit the game

Illustrated notes

Levels and vault maps discovered:
D:1:      minmay_arrival_nine_rooms, layout_basic, palyth_stone_intersect,
          nicolae_ashenzari_panopticon
D:2:      layout_rooms, lemuel_coloured_pillars_altar, lemuel_round_altar,
          grunt_gozag_breadcrumbs, nicolae_overflow_hidden_temple,
          nicolae_overflow_crystal_walls,
          chequers_temple_overflow_statue_of_worship, lemuel_blue_sif_altar

Skill      XL: |  1  2  3 |
---------------+----------+-----
Axes           | 3 4 |  4.9
Fighting       | |  3.0
Armour         | |  1.7
Dodging        | |  1.7

Action                   |  1- 3 |  4- 6 || total
-------------------------+-------+-------++-------
Melee: Hand axe          |    76 |       ||    76
Invok: Berserk           |     1 |       ||     1
 Stab: Sleeping          |     2 |       ||     2
Armor: Animal skin       |    20 |       ||    20
Dodge: Dodged            |    55 |       ||    55

Table legend: (Time is in decaauts)
 A = Elapsed time spent in this place.
 B = Non-inter-level travel time spent in this place.
 C = Inter-level travel time spent in this place.
 D = Time resting spent in this place.
 E = Time spent auto-exploring this place.
 F = Levels seen in this place.
 G = Mean time per level.
                   A        B        C        D        E       F      G
               +--------+--------+--------+--------+--------+-----+--------+
         Total |   1151 |   1133 |     18 |    133 |    780 |   2 |  575.5 |
       Dungeon |   1151 |   1133 |     18 |    133 |    780 |   2 |  575.5 |
               +--------+--------+--------+--------+--------+-----+--------+

Top non-repeatable levels by time:
     D:1: 923 daAuts
     D:2: 227 daAuts
